TOP OF THE 1ST |
Little Caesars Hot N Readys batting - Pitching for Lancaster Farmers : LHP Norberto Quintana
|
Pitching: LHP Norberto Quintana
|
|
Batting: LHB César Muńóz
|
0-0: Ball 1-0: Foul Ball, location: 2F 1-1: Foul Ball, location: 2F 1-2: Fly out, F6 (Popup, 56)
|
Batting: RHB Young-hwan Hyon
|
0-0: SINGLE (Flyball, 78S)
|
Batting: LHB Andrés Chávez
|
0-0: Ball 1-0: Ball Passed Ball! Young-hwan Hyon to second 2-0: Ball 3-0: Base on Balls
|
Batting: RHB Mo Zhou
|
0-0: Foul Ball, location: 2F 0-1: Foul Ball, location: 2F 0-2: Ball 1-2: Strikes out swinging
|
Batting: SHB Ryan Forrest
|
0-0: Ball 1-0: Ball 2-0: Ball 3-0: Called Strike 3-1: Ground out 4-3 (Groundball, 4)
|
Top of the 1st over - 0 run(s), 1 hit(s), 0 error(s), 2 left on base; Little Caesars 0 - Lancaster 0 |
BOTTOM OF THE 1ST |
Lancaster Farmers batting - Pitching for Little Caesars Hot N Readys : RHP Pat Hunt
|
Pitching: RHP Pat Hunt
|
|
Batting: RHB Ricardo Pacheco
|
0-0: Foul Ball, location: 2F 0-1: Foul Ball, location: 2F 0-2: Ball 1-2: Foul Ball, location: 2F 1-2: Strikes out swinging
|
Batting: RHB Albert Díaz
|
0-0: Ball 1-0: Called Strike 1-1: Called Strike 1-2: Ball 2-2: Fly out, F8 (Flyball, 8LM)
|
Batting: LHB Brad Tillman
|
0-0: Ball 1-0: Foul Ball, location: 2F 1-1: Ball 2-1: Foul Ball, location: 2F 2-2: Ball 3-2: Foul Ball, location: 2F 3-2: Foul Ball, location: 2F 3-2: Foul Ball, location: 2F 3-2: Fly out, F9 (Flyball, 89M)
|
Bottom of the 1st over - 0 run(s), 0 hit(s), 0 error(s), 0 left on base; Little Caesars 0 - Lancaster 0 |
TOP OF THE 2ND |
Little Caesars Hot N Readys batting - Pitching for Lancaster Farmers : LHP Norberto Quintana
|
Batting: RHB John Thompson
|
0-0: Ball 1-0: Ball 2-0: Ball 3-0: Called Strike 3-1: Foul Ball, location: 2F 3-2: Base on Balls
|
Batting: RHB Mike Thompson
|
0-0: Foul Ball, location: 2F 0-1: Foul Ball, location: 2F 0-2: Fly out, F8 (Line Drive, 8LS)
|
Batting: LHB Stephen Baird
|
0-0: Ball 1-0: Called Strike 1-1: Fly out, F7 (Line Drive, 7M)
|
Batting: RHB Lorenzo Sabastro
|
0-0: Ball 1-0: Swinging Strike 1-1: Fielders Choice at 2nd, 5-4 (Groundball, 56)
|
Top of the 2nd over - 0 run(s), 0 hit(s), 0 error(s), 0 left on base; Little Caesars 0 - Lancaster 0 |
BOTTOM OF THE 2ND |
Lancaster Farmers batting - Pitching for Little Caesars Hot N Readys : RHP Pat Hunt
|
Batting: LHB Rob Wilson
|
0-0: Ball 1-0: Called Strike 1-1: Ball 2-1: Ball 3-1: Base on Balls
|
Batting: RHB Barkley B. Cooltimes
|
0-0: Ball 1-0: Called Strike 1-1: Ball 2-1: Foul Ball, location: 2F 2-2: Ball 3-2: Fly out, F9 (Flyball, 89M)
|
Batting: RHB Henry Womack
|
0-0: Foul Ball, location: 2F 0-1: Foul Ball, location: 2F 0-2: Strikes out swinging
|
Batting: SHB Orlando Miranda
|
0-0: Ground out 4-3 (Groundball, 34D)
|
Bottom of the 2nd over - 0 run(s), 0 hit(s), 0 error(s), 1 left on base; Little Caesars 0 - Lancaster 0 |
TOP OF THE 3RD |
Little Caesars Hot N Readys batting - Pitching for Lancaster Farmers : LHP Norberto Quintana
|
Batting: LHB César Muńóz
|
0-0: Foul Ball, location: 2F 0-1: Ball 1-1: Swinging Strike 1-2: Ball 2-2: Foul Ball, location: 2F 2-2: Ground out 4-3 (Groundball, 4)
|
Batting: RHB Young-hwan Hyon
|
0-0: Ball 1-0: Ball 2-0: Ball 3-0: Foul Ball, location: 2F 3-1: Base on Balls
|
Batting: LHB Andrés Chávez
|
0-0: Ball 1-0: Ball 2-0: Grounds out, U3 (Groundball, 3L)
|
Batting: RHB Mo Zhou
|
0-0: Called Strike 0-1: Ball 1-1: Foul Ball, location: 2F 1-2: Ball 2-2: Ball 3-2: SINGLE (Flyball, 8LS) Young-hwan Hyon to third Young-hwan Hyon scores
|
Batting: SHB Ryan Forrest
|
0-0: Called Strike 0-1: Fly out, F7 (Flyball, 7M)
|
Top of the 3rd over - 1 run(s), 1 hit(s), 0 error(s), 1 left on base; Little Caesars 1 - Lancaster 0 |
BOTTOM OF THE 3RD |
Lancaster Farmers batting - Pitching for Little Caesars Hot N Readys : RHP Pat Hunt
|
Batting: LHB Ramón Gómez
|
0-0: Ball 1-0: Ball 2-0: Ball 3-0: Called Strike 3-1: Base on Balls
|
Batting: RHB Rodrigo Velasco
|
0-0: Ball 1-0: Fly out, F6 (Popup, 6MD)
|
Batting: RHB Ricardo Pacheco
|
0-0: Called Strike 0-1: Foul Ball, location: 2F 0-2: Fly out, F7 (Flyball, 78M)
|
Batting: RHB Albert Díaz
|
0-0: Ball 1-0: Ball 2-0: Foul Ball, location: 2F 2-1: Swinging Strike 2-2: Strikes out swinging
|
Bottom of the 3rd over - 0 run(s), 0 hit(s), 0 error(s), 1 left on base; Little Caesars 1 - Lancaster 0 |
TOP OF THE 4TH |
Little Caesars Hot N Readys batting - Pitching for Lancaster Farmers : LHP Norberto Quintana
|
Batting: RHB John Thompson
|
0-0: Ball 1-0: Ground out 4-3 (Groundball, 4M)
|
Batting: RHB Mike Thompson
|
0-0: Ground out 2-3 (Groundball, 2R)
|
Batting: LHB Stephen Baird
|
0-0: Foul Ball, location: 2F 0-1: Ball 1-1: Ball 2-1: Ground out 4-3 (Groundball, 34)
|
Top of the 4th over - 0 run(s), 0 hit(s), 0 error(s), 0 left on base; Little Caesars 1 - Lancaster 0 |
BOTTOM OF THE 4TH |
Lancaster Farmers batting - Pitching for Little Caesars Hot N Readys : RHP Pat Hunt
|
Batting: LHB Brad Tillman
|
0-0: SINGLE (Flyball, 9LM)
|
Batting: LHB Rob Wilson
|
0-0: Ball 1-0: Foul Ball, location: 2F 1-1: Ball 2-1: Ball 3-1: Called Strike 3-2: Fielders Choice at 2nd, 6-4 (Groundball, 6M)
|
Batting: RHB Barkley B. Cooltimes
|
0-0: Grounds into double play, 6-4-3 (Groundball, 6)
|
Bottom of the 4th over - 0 run(s), 1 hit(s), 0 error(s), 0 left on base; Little Caesars 1 - Lancaster 0 |
TOP OF THE 5TH |
Little Caesars Hot N Readys batting - Pitching for Lancaster Farmers : LHP Norberto Quintana
|
Batting: RHB Lorenzo Sabastro
|
0-0: Ball 1-0: Swinging Strike 1-1: Reached on error, E6 (Groundball, 6)
|
Pitching: LHP Sergio Cruz
|
|
Batting: LHB César Muńóz
|
0-0: Bunt missed! 0-1: Bunted foul 0-2: Foul Ball, location: 2F 0-2: Ball 1-2: Fielders Choice at 2nd, 3-6 (Groundball, 34)
|
Batting: RHB Young-hwan Hyon
|
0-0: Called Strike 0-1: SINGLE (Groundball, 34) César Muńóz to second Runner from 2nd tries for 3rd, SAFE, no throw or cutoff
|
Pinch Runner at 3rd Guy Riley:
|
|
Batting: LHB Andrés Chávez
|
0-0: Fly out, F3 (Line Drive, 3) 0-0: Lined into DP, U3 (Line Drive, 3)
|
Top of the 5th over - 0 run(s), 1 hit(s), 1 error(s), 1 left on base; Little Caesars 1 - Lancaster 0 |
BOTTOM OF THE 5TH |
Lancaster Farmers batting - Pitching for Little Caesars Hot N Readys : RHP Pat Hunt
|
Batting: RHB Henry Womack
|
0-0: Called Strike 0-1: SINGLE (Line Drive, 78M)
|
Batting: SHB Orlando Miranda
|
0-0: Bunted foul 0-1: Sac Bunt - play at first, batter OUT! 1-4 Henry Womack to second
|
Batting: LHB Ramón Gómez
|
0-0: Ball 1-0: SINGLE (Line Drive, 6D) Henry Womack to third Runner from 3rd tries for Home, SAFE, no throw or cutoff
|
Batting: RHB Rodrigo Velasco
|
0-0: Ball Ramón Gómez steals 2nd base 1-0: Ball 2-0: Called Strike 2-1: Foul Ball, location: 2F 2-2: SINGLE (Line Drive, 4MD) Ramón Gómez to third Runner from 3rd tries for Home, SAFE, no throw or cutoff
|
Batting: RHB Ricardo Pacheco
|
0-0: Called Strike 0-1: Foul Ball, location: 2F 0-2: Foul Ball, location: 2F 0-2: Ball 1-2: Ball 2-2: Ball 3-2: Base on Balls Rodrigo Velasco to second
|
Batting: RHB Albert Díaz
|
0-0: Ball 1-0: Ball 2-0: Foul Ball, location: 2F 2-1: Called Strike 2-2: Ball 3-2: Fly out, F9 (Popup, 9LS)
|
Batting: LHB Brad Tillman
|
0-0: Fly out, F7 (Line Drive, 78D)
|
Bottom of the 5th over - 2 run(s), 3 hit(s), 0 error(s), 2 left on base; Little Caesars 1 - Lancaster 2 |
TOP OF THE 6TH |
Little Caesars Hot N Readys batting - Pitching for Lancaster Farmers : LHP Sergio Cruz
|
Batting: RHB Mo Zhou
|
0-0: Foul Ball, location: 2F 0-1: Foul Ball, location: 2F 0-2: Ball 1-2: Fly out, F6 (Popup, 6D)
|
Batting: SHB Ryan Forrest
|
0-0: Called Strike 0-1: Ball 1-1: Ball 2-1: Ball 3-1: Called Strike 3-2: Base on Balls
|
Batting: RHB John Thompson
|
0-0: Called Strike 0-1: Ball 1-1: Foul Ball, location: 2F 1-2: Ball 2-2: SINGLE (Groundball, 6MD) Ryan Forrest to second
|
Batting: RHB Mike Thompson
|
0-0: Ball 1-0: Ball 2-0: Ball 3-0: Base on Balls Ryan Forrest to third John Thompson to second
|
Batting: LHB Stephen Baird
|
0-0: Ball 1-0: Ball 2-0: Ball 3-0: Base on Balls Ryan Forrest scores John Thompson to third Mike Thompson to second
|
Batting: RHB Lorenzo Sabastro
|
0-0: Called Strike 0-1: Ball 1-1: Called Strike 1-2: Fly out, F7 (Line Drive, 7D) Runner from 3rd tags up, SCORES, throw made
|
Pitching: LHP Álex Reyes
|
|
Batting: LHB Guy Riley
|
0-0: Ball 1-0: Ground out 5-3 (Groundball, 56S)
|
Top of the 6th over - 2 run(s), 1 hit(s), 0 error(s), 2 left on base; Little Caesars 3 - Lancaster 2 |
BOTTOM OF THE 6TH |
Lancaster Farmers batting - Pitching for Little Caesars Hot N Readys : RHP Pat Hunt
|
Batting: LHB Rob Wilson
|
0-0: Called Strike 0-1: Foul Ball, location: 2F 0-2: Ball 1-2: Ball 2-2: Ball 3-2: Base on Balls
|
Batting: RHB Barkley B. Cooltimes
|
0-0: Called Strike 0-1: Foul Ball, location: 2F 0-2: Grounds into double play, 6-4-3 (Groundball, 6)
|
Batting: RHB Henry Womack
|
0-0: Called Strike 0-1: Foul Ball, location: 2F 0-2: Foul Ball, location: 2F 0-2: Strikes out swinging
|
Bottom of the 6th over - 0 run(s), 0 hit(s), 0 error(s), 0 left on base; Little Caesars 3 - Lancaster 2 |
TOP OF THE 7TH |
Little Caesars Hot N Readys batting - Pitching for Lancaster Farmers : LHP Álex Reyes
|
Batting: RHB Young-hwan Hyon
|
0-0: Ground out 5-3 (Groundball, 5)
|
Batting: LHB Andrés Chávez
|
0-0: Ball 1-0: Called Strike 1-1: Called Strike 1-2: Ball 2-2: Strikes out swinging
|
Batting: RHB Mo Zhou
|
0-0: Foul Ball, location: 2F 0-1: Ball 1-1: Swinging Strike 1-2: SINGLE (Line Drive, 4M)
|
Batting: SHB Ryan Forrest
|
0-0: Called Strike 0-1: Ball 1-1: Fly out, F8 (Flyball, 8RM)
|
Top of the 7th over - 0 run(s), 1 hit(s), 0 error(s), 1 left on base; Little Caesars 3 - Lancaster 2 |
BOTTOM OF THE 7TH |
Lancaster Farmers batting - Pitching for Little Caesars Hot N Readys : RHP Pat Hunt
|
Batting: SHB Orlando Miranda
|
0-0: Ball 1-0: Ball 2-0: Called Strike 2-1: Fly out, F4 (Popup, 3DF)
|
Batting: LHB Ramón Gómez
|
0-0: Swinging Strike 0-1: Ball 1-1: Swinging Strike 1-2: Ball 2-2: Strikes out swinging
|
Batting: RHB Rodrigo Velasco
|
0-0: Ball 1-0: Ball 2-0: Ball 3-0: Called Strike 3-1: Base on Balls
|
Pitching: RHP Jim Unknown
|
|
Batting: RHB Ricardo Pacheco
|
0-0: Called Strike 0-1: Fly out, F8 (Flyball, 8LM)
|
Bottom of the 7th over - 0 run(s), 0 hit(s), 0 error(s), 1 left on base; Little Caesars 3 - Lancaster 2 |
TOP OF THE 8TH |
Little Caesars Hot N Readys batting - Pitching for Lancaster Farmers : LHP Álex Reyes
|
Batting: RHB John Thompson
|
0-0: Ball 1-0: Foul Ball, location: 2F 1-1: Ball 2-1: Ground out 5-3 (Groundball, 5)
|
Batting: RHB Mike Thompson
|
0-0: Foul Ball, location: 2F 0-1: SINGLE (Groundball, 34D)
|
Pinch Hitting: LHB David Hunt
|
0-0: Ball 1-0: Ball 2-0: Ball 3-0: Called Strike 3-1: Foul Ball, location: 2F 3-2: Foul Ball, location: 2F 3-2: Foul Ball, location: 2F 3-2: DOUBLE (Line Drive, 9LS) Mike Thompson to third
|
Batting: RHB Lorenzo Sabastro
|
0-0: Intentional Walk
|
Batting: LHB Guy Riley
|
0-0: DOUBLE (Flyball, 78D) Mike Thompson scores David Hunt scores Lorenzo Sabastro to third
|
Batting: RHB Young-hwan Hyon
|
0-0: Called Strike 0-1: Foul Ball, location: 2F 0-2: Ball 1-2: Ball 2-2: Ball 3-2: Ground out 4-3 (Groundball, 4)
|
Batting: LHB Andrés Chávez
|
0-0: Foul Ball, location: 2F 0-1: Ball 1-1: Ball 2-1: Ball 3-1: Base on Balls
|
Batting: RHB Mo Zhou
|
0-0: Called Strike 0-1: Ball 1-1: Foul Ball, location: 2F 1-2: Foul Ball, location: 2F 1-2: SINGLE (Line Drive, 56) Lorenzo Sabastro scores Guy Riley to third Andrés Chávez to second Runner from 3rd tries for Home, SAFE, no throw or cutoff
|
Pitching: LHP Will Clark
|
|
Batting: SHB Ryan Forrest
|
0-0: Foul Ball, location: 2F 0-1: Ball 1-1: Ball 2-1: Swinging Strike 2-2: Ball 3-2: Base on Balls Andrés Chávez to third Mo Zhou to second
|
Batting: RHB John Thompson
|
0-0: Called Strike 0-1: Ball 1-1: SINGLE (Line Drive, 4MD) Andrés Chávez scores Mo Zhou to third Ryan Forrest to second
|
Batting: RHB Mike Thompson
|
0-0: Foul Ball, location: 2F 0-1: Swinging Strike 0-2: Foul Ball, location: 2F 0-2: Strikes out swinging
|
Top of the 8th over - 5 run(s), 5 hit(s), 0 error(s), 3 left on base; Little Caesars 8 - Lancaster 2 |
BOTTOM OF THE 8TH |
Lancaster Farmers batting - Pitching for Little Caesars Hot N Readys : RHP Jim Unknown
|
Now at 2B: Jim Unknown
|
|
Batting: RHB Albert Díaz
|
0-0: Foul Ball, location: 2F 0-1: Bunt for hit - play at first, batter OUT! 1-3
|
Batting: LHB Brad Tillman
|
0-0: Ball 1-0: Foul Ball, location: 2F 1-1: Fly out, F8 (Flyball, 8RM)
|
Batting: LHB Rob Wilson
|
0-0: Called Strike 0-1: Swinging Strike 0-2: Ball 1-2: Strikes out swinging
|
Bottom of the 8th over - 0 run(s), 0 hit(s), 0 error(s), 0 left on base; Little Caesars 8 - Lancaster 2 |
TOP OF THE 9TH |
Little Caesars Hot N Readys batting - Pitching for Lancaster Farmers : LHP Will Clark
|
Batting: SHB Jim Unknown
|
0-0: Swinging Strike 0-1: Called Strike 0-2: Foul Ball, location: 2F 0-2: Ball 1-2: Strikes out looking
|
Batting: RHB Lorenzo Sabastro
|
0-0: Ball 1-0: Ground out 6-3 (Groundball, 6M)
|
Batting: LHB Guy Riley
|
0-0: Ball 1-0: Fly out, F8 (Flyball, 8LM)
|
Top of the 9th over - 0 run(s), 0 hit(s), 0 error(s), 0 left on base; Little Caesars 8 - Lancaster 2 |
BOTTOM OF THE 9TH |
Lancaster Farmers batting - Pitching for Little Caesars Hot N Readys : RHP Jim Unknown
|
Batting: RHB Barkley B. Cooltimes
|
0-0: Called Strike 0-1: Ball 1-1: Ball 2-1: Ball 3-1: Called Strike 3-2: Ground out 6-3 (Groundball, 6)
|
Batting: RHB Henry Womack
|
0-0: Ball 1-0: Ball 2-0: Ball 3-0: Base on Balls
|
Batting: SHB Orlando Miranda
|
0-0: SINGLE (Flyball, 7LM) Henry Womack to second
|
Batting: LHB Ramón Gómez
|
0-0: Ball 1-0: Called Strike 1-1: Ball 2-1: Foul Ball, location: 2F 2-2: Fly out, F7 (Flyball, 7LMF)
|
Batting: RHB Rodrigo Velasco
|
0-0: Ball 1-0: Ball 2-0: Ball 3-0: Called Strike 3-1: Base on Balls Henry Womack to third Orlando Miranda to second
|
Batting: RHB Ricardo Pacheco
|
0-0: Ball 1-0: Ball 2-0: Ball 3-0: Base on Balls Henry Womack scores Orlando Miranda to third Rodrigo Velasco to second
|
Pitching: RHP Jim Unknown
|
|
Batting: RHB Albert Díaz
|
0-0: Ball 1-0: Swinging Strike 1-1: SINGLE (Groundball, 56) Orlando Miranda scores Rodrigo Velasco to third Ricardo Pacheco to second Runner from 3rd tries for Home, SAFE, throw made at trailing runner, SAFE at third!
|
Batting: LHB Brad Tillman
|
0-0: Foul Ball, location: 2F 0-1: Foul Ball, location: 2F 0-2: Foul Ball, location: 2F 0-2: Ball 1-2: Foul Ball, location: 2F 1-2: Ball 2-2: Fly out, F7 (Popup, 8LS)
|
Bottom of the 9th over - 3 run(s), 2 hit(s), 0 error(s), 2 left on base; Little Caesars 8 - Lancaster 5 |
|